 Dungeon Crawl Stone Soup version 0.26-a0-800-g517d6fe721 (webtiles) character file.

Game seed: 4036836461056416111

105421 Ijustatesigmund the Severer (level 15, -12/150 HPs)
             Began as a Minotaur Berserker on Nov 10, 2020.
             Was the Champion of Trog.
             Mangled by an orc warrior
             ... wielding a +0 halberd
              (14 damage)
             ... while paralysed by an orc sorcerer
             ... on level 2 of the Orcish Mines on Nov 11, 2020.
             The game lasted 00:57:51 (21593 turns).

Ijustatesigmund the Severer (Minotaur Berserker)   Turns: 21593, Time: 00:57:52

Health: -12/150    AC: 20    Str: 24    XL:     15   Next: 94%
Magic:  5/5        EV:  2    Int:  7    God:    Trog [******]
Gold:   2365       SH:  0    Dex: 19    Spells: 14/14 levels left

rFire    . . .     SeeInvis .   S - +9 broad axe (venom)
rCold    + . .     Faith    .   j - +2 buckler
rNeg     + + .     Spirit   .   b - +4 ring mail of Cahann {rPois rN+}
rPois    +         Reflect  .   (helmet unavailable)
rElec    .         Harm     .   s - +0 cloak of the Armoured One {rCorr}
rCorr    +         Rampage  .   L - +2 pair of gloves {Dex+3}
MR       +....                  (no boots)
Stlth    +.........             q - amulet of regeneration
HPRegen  0.75/turn              Z - ring "Hoet" {rC+ rN+ MP-9 Int+3}
MPRegen  0.09/turn              X - +4 ring of protection

@: paralysed, mighty, marked
A: retaliatory headbutt, claws 1, horns 3, agile 1
a: Berserk, Trog's Hand, Brothers in Arms, Renounce Religion


You were on level 2 of the Orcish Mines.
You worshipped Trog.
Trog was exalted by your worship.
You visited 3 branches of the dungeon, and saw 22 of its levels.
You visited the Abyss 1 time.
You also visited: Gauntlet and Volcano.

You collected 2752 gold pieces.
You spent 387 gold pieces at shops.

Inventory:

Hand Weapons
 a - a +5 broad axe of flaming
 S - a +9 broad axe of venom (weapon)
Missiles
 e - 17 curare-tipped darts (quivered)
 T - 18 silver javelins
Armour
 b - the +4 ring mail of Cahann (worn) {rPois rN+}
   (You took it off a minotaur in a Gauntlet)

   It protects you from poison.
   It protects you from negative energy.
 j - a +2 buckler (worn)
 s - the +0 cloak of the Armoured One (worn) {rCorr}
   (You found it on level 5 of the Dungeon)

   It provides partial protection from all sources of acid and corrosion.
 z - +0 acid dragon scales
 L - a +2 pair of gloves of dexterity (worn)
 U - a +0 cloak of fire resistance
Jewellery
 k - an uncursed ring of poison resistance
 o - an uncursed ring of protection from cold
 q - an amulet of regeneration (around neck)
 A - the ring of Hionn {*Slow +Blink rElec rF+ Str+4}
   (You found it on level 8 of the Dungeon)

   [ring of protection from fire]

   It affects your strength (+4).
   It protects you from fire.
   It insulates you from electricity.
   It lets you blink.
   It may slow you when you take damage.
 F - an uncursed ring of positive energy
 H - an uncursed ring of protection from magic
 P - the ring of No Interval {+Fly Int+5}
   (You found it in a Gauntlet)

   [ring of flight]

   It affects your intelligence (+5).
   It lets you fly.
 X - a +4 ring of protection (right hand)
 Z - the ring "Hoet" (left hand) {rC+ rN+ MP-9 Int+3}
   (You found it in a Gauntlet)

   [ring of positive energy]

   It affects your intelligence (+3).
   It protects you from cold.
   It protects you from negative energy.
   It affects your magic capacity (-9).
Wands
 r - a wand of flame (24)
 w - a wand of disintegration (47)
 y - a wand of digging (29)
 O - a wand of acid (25)
 Q - a wand of polymorph (9)
 R - a wand of paralysis (17)
 V - a wand of iceblast (5)
Scrolls
 g - 15 scrolls of identify
 l - 14 scrolls of teleportation
 p - 2 scrolls of magic mapping
 u - 8 scrolls of immolation
 B - 2 scrolls of fear
 K - a scroll of blinking
 M - 3 scrolls of remove curse
 Y - 2 scrolls of fog
Potions
 c - 3 potions of cancellation
 d - 4 potions of ambrosia
 f - 3 potions of attraction
 h - 3 potions of might
 i - 4 potions of lignification
 m - 4 potions of magic
 n - 11 potions of curing
 v - 2 potions of mutation
 x - 3 potions of invisibility
 C - 3 potions of flight
 J - a potion of resistance
 N - a potion of heal wounds
Miscellaneous
 I - a phial of floods


   Skills:
 + Level 18.3 Fighting
 + Level 18.3 Axes
 + Level 12.3 Armour
 + Level 11.5 Dodging
 + Level 10.0 Shields
 - Level 6.5 Evocations


You had 14 spell levels left.
You didn't know any spells.
Your spell library was empty.

Dungeon Overview and Level Annotations

Branches:
Dungeon (14/15)            Temple (0/1) D:4            Lair (6/6) D:9
  Swamp (0/4) Lair:3        Snake (0/4) Lair:4        Slime (0/5) Lair:6
    Orc (2/2) D:9             Elf (0/3) Orc:2        Vaults (0/5) D:13
Volcano (visited)         Gauntlet (visited)

Altars:
Ashenzari
Gozag
Hepliaklqana
Kikubaaqudgha
Makhleb
Okawaru
Sif Muna
Uskayaw
Zin
The Shining One
Beogh

Shops:
D:6 !   D:10 [}:*   D:13 [

Portals:
Hell: Lair:6

Annotations:
Orc:2 1 runed translucent door


Innate Abilities, Weirdness & Mutations

You reflexively headbutt those who attack you in melee.
You have a pair of large horns on your head.
You have sharp fingernails.
You are agile. (Dex +2)


Message History

An orc high priest comes into view. It is wielding a +0 short sword.
The orc sorcerer hits you but does no damage.
The orc warrior hits you but does no damage.
The orc warrior hits you from afar with a +0 halberd!
* * * LOW HITPOINT WARNING * * *
The orc warrior no longer looks unusually strong.
The orc completely misses you.
An orc warrior comes into view. It is wielding a +0 long sword.
The orc sorcerer hits you but does no damage.
An orc knight comes into view. It is wielding a +1 bardiche.
The orc hits you but does no damage.
The orc warrior hits you with a +0 scimitar!
* * * LOW HITPOINT WARNING * * *
An orc warrior comes into view. It is wielding a +0 halberd.
The orc hits you with a +0 flail.
* * * LOW HITPOINT WARNING * * *
The orc knight roars a battlecry!
The orcs go into a battle-frenzy!
The orc warrior hits you from afar with a +0 halberd!
You die...

..................# ##.#
...............#.## #...
.......#.....#.#### ##..
........##......#.####...
#........#....#.>.##....
##.......#..#.....#...#
#...))).###.#........#.
###.oo### ###..........
#...4o@o# ##......#..
#..#.oo#..# ##.....##.[
#...ooo.oo# #.#.#...#..
#...#.oo#...# #....#...[.
#...........# #..........
....#..o#o... #..........
.............##..........
...#ooo ....##..........
#<.#.######


You could see 3 orc knights, an orc high priest (strong), a rust devil
(summoned), an orc sorcerer (strong), 10 orc warriors, an orc priest (strong)
and 2 orcs.

Vanquished Creatures
  A lich (Abyss:2)
  A bone dragon (Abyss:2)
  Frances (D:12)
  A tentacled starspawn (Abyss:2)
  A balrug (Abyss:2)
  2 entropy weavers (Lair:6)
  2 dire elephants
  A minotaur (Gauntlet)
  A green death (Gauntlet)
  Snorg (Lair:4)
  3 vault guards
  A boulder beetle (Lair:5)
  7 hydras
  A catoblepas (Lair:4)
  3 centaur warriors (D:13)
  An ogre mage (D:7)
  A queen ant (Lair:6)
  2 death knights
  5 death yaks (Lair:6)
  Sonja (D:11)
  An orc high priest (Orc:2)
  A sun demon (Abyss:2)
  2 sixfirhies
  A skeletal warrior (D:13)
  An unseen horror (D:12)
  A wizard (Lair:6)
  A death drake (Gauntlet)
  Pikel (D:5)
  A wolf spider zombie (D:13)
  4 orc knights
  3 cyclopes
  An iron dragon zombie (Abyss:2)
  2 orc sorcerers
  3 oklob plants (Lair:4)
  A manticore (D:7)
  2 deep elf magi
  4 ugly things
  A spectral centaur (Gauntlet)
  29 elephants
  3 black mambas
  2 smoke demons
  2 gargoyles
  4 orange demons
  17 cane toads
  A torpor snail (Lair:4)
  12 komodo dragons
  3 rime drakes (Lair:6)
  Maggie (D:8)
  An ice devil (Lair:6)
  4 red devils
  6 polar bears
  A troll (D:12)
  Grinder (D:3)
  Prince Ribbit (D:7)
  A hornet (D:6)
  A spectral meliai (Gauntlet)
  11 slime creatures
  16 blink frogs
  11 dream sheep
  5 wyverns
  47 yaks
  7 humans
  A spriggan (Lair:5)
  2 wraiths (D:13)
  A hog (shapeshifter) (D:13)
  4 basilisks
  The ghost of Majang the Skirmisher, an amateur DsGl of Cheibriados (D:3)
  2 steam dragons
  5 vampire mosquitoes
  3 nagas (Lair:4)
  9 soldier ants (Lair:6)
  3 wargs (Orc:1)
  8 hell hounds
  20 water moccasins
  Duvessa (D:7)
  4 ice beasts
  A hornet zombie (D:11)
  20 orc warriors
  A sky beast (D:13)
  4 black bears
  21 centaurs
  An eye of draining (D:10)
  14 ogres
  3 big kobolds
  15 bullfrogs
  A gnoll sergeant (D:8)
  A wyvern zombie (D:12)
  Dowan (D:7)
  A wyvern skeleton (D:13)
  2 scorpions
  9 killer bees
  A centaur zombie (D:9)
  A quasit (Abyss:2)
  2 bullfrog zombies (D:10)
  A gnoll shaman (D:7)
  6 hounds
  22 orc wizards
  Crazy Yiuf (D:6)
  24 orc priests
  3 bullfrog skeletons
  15 jellies
  2 centaur skeletons
  Ijyb (D:5)
  2 iguanas
  13 hell rats
  30 worker ants
  A killer bee zombie (D:10)
  A howler monkey zombie (D:8)
  A worker ant zombie (D:10)
  A howler monkey skeleton (D:7)
  10 gnolls
  6 adders
  5 shadow imps
  4 white imps
  An ufetubus (D:5)
  2 oozes
  An adder zombie (D:10)
  2 adder skeletons
  4 worms
  4 dart slugs
  7 leopard geckos
  89 orcs
  4 giant cockroaches
  7 goblins
  4 hobgoblins
  21 jackals
  4 quokkas
  A ball python (D:4)
  7 bats
  A frilled lizard (D:1)
  20 kobolds
  A leopard gecko zombie (D:5)
  2 quokka zombies
  7 rats
  3 starspawn tentacles (Abyss:2)
759 creatures vanquished.

Vanquished Creatures (others)
  Nessos (D:14)
  An orc warrior (D:7)
  110 fungi
  84 plants
  A starspawn tentacle (Abyss:2)
197 creatures vanquished.

Grand Total: 956 creatures vanquished

Notes
Turn   | Place    | Note
-------+----------+-------------------------------------------
     0 | D:1      | Ijustatesigmund the Minotaur Berserker began the quest for
                  | the Orb.
     0 | D:1      | Reached XP level 1. HP: 19/19 MP: 0/0
   207 | D:1      | Reached XP level 2. HP: 27/27 MP: 1/1
   561 | D:1      | Reached XP level 3. HP: 31/33 MP: 2/2
   979 | D:2      | Found a burning altar of Makhleb.
  1104 | D:2      | Reached ** piety under Trog
  1220 | D:2      | Found a glowing golden altar of the Shining One.
  1220 | D:2      | Found an opulent altar of Gozag.
  1221 | D:2      | Found a glowing silver altar of Zin.
  1837 | D:3      | Found an iron altar of Okawaru.
  1848 | D:3      | Reached XP level 4. HP: 41/41 MP: 3/3
  1872 | D:3      | Identified the +8 dagger of Fabulous Valiance {drain,
                  | +Blink +Inv +Fly rF-}
  1872 | D:3      | Noticed a big kobold
  1932 | D:3      | Found a runed translucent gate.
  1933 | D:3      | Found a runed translucent gate.
  1934 | D:3      | Found a runed translucent gate.
  1938 | D:3      | Noticed Majang's ghost (amateur DsGl)
  1968 | D:3      | Reached XP level 5. HP: 26/47 MP: 4/4
  2307 | D:3      | Noticed Grinder
  2328 | D:3      | Gained mutation: You have a pair of large horns on your
                  | head. [potion of mutation]
  2328 | D:3      | Gained mutation: You are agile. (Dex +2) [potion of
                  | mutation]
  2328 | D:3      | Gained mutation: You have sharp fingernails. [potion of
                  | mutation]
  2330 | D:3      | Paralysed by Grinder for 7 turns
  2344 | D:3      | Killed Grinder
  2344 | D:3      | Reached skill level 5 in Fighting
  2344 | D:3      | Reached skill level 5 in Axes
  2344 | D:3      | Reached XP level 6. HP: 32/56 MP: 5/5
  3028 | D:3      | Killed Majang's ghost
  3028 | D:3      | Reached skill level 5 in Armour
  3028 | D:3      | Reached XP level 7. HP: 28/62 MP: 6/6
  3435 | D:4      | Found a shimmering blue altar of Sif Muna.
  3480 | D:4      | Reached skill level 5 in Dodging
  3480 | D:4      | Reached skill level 1 in Shields
  3582 | D:4      | Found an ancient bone altar of Kikubaaqudgha.
  3760 | D:4      | Found a staircase to the Ecumenical Temple.
  3768 | D:4      | Reached *** piety under Trog
  4141 | D:5      | Entered Level 5 of the Dungeon
  4141 | D:5      | Found a broken altar of Ashenzari.
  4197 | D:5      | Noticed Pikel
  4221 | D:5      | Killed Pikel
  4221 | D:5      | Reached XP level 8. HP: 59/71 MP: 7/7
  4734 | D:5      | Noticed Ijyb
  4738 | D:5      | Killed Ijyb
  4967 | D:5      | Got a fading cloak
  4973 | D:5      | Identified the +0 cloak of the Armoured One {rCorr} (You
                  | found it on level 5 of the Dungeon)
  5335 | D:6      | Found Joal's Distillery.
  5343 | D:6      | Bought a potion of mutation for 96 gold pieces
  5343 | D:6      | Bought a potion of mutation for 96 gold pieces
  5499 | D:6      | Reached XP level 9. HP: 79/79 MP: 8/8
  5580 | D:6      | Found a runed translucent door.
  5581 | D:6      | Noticed Crazy Yiuf
  5669 | D:6      | Killed Crazy Yiuf
  5877 | D:6      | Reached **** piety under Trog
  5988 | D:7      | Reached skill level 5 in Shields
  6084 | D:7      | Found a transporter.
  6085 | D:7      | Noticed an ogre mage
  6089 | D:7      | Noticed Dowan
  6089 | D:7      | Noticed Duvessa
  6103 | D:7      | Killed Duvessa
  6106 | D:7      | Killed Dowan
  6166 | D:7      | Noticed Prince Ribbit
  6258 | D:7      | Noticed a manticore
  6265 | D:7      | Killed a manticore
  6268 | D:7      | Noticed a gargoyle
  6278 | D:7      | Killed a gargoyle
  6448 | D:7      | Killed Prince Ribbit
  6448 | D:7      | Reached XP level 10. HP: 90/90 MP: 9/9
  6555 | D:7      | Found a roughly hewn altar of Beogh.
  6555 | D:7      | Found a transporter.
  6688 | D:7      | Reached ***** piety under Trog
  6931 | D:8      | Got a crude lead ring
  6933 | D:8      | Identified the ring of Hionn {*Slow +Blink rElec rF+ Str+4}
                  | (You found it on level 8 of the Dungeon)
  7186 | D:8      | Noticed Maggie
  7194 | D:8      | Killed Maggie
  7793 | D:9      | Found a staircase to the Orcish Mines.
  8066 | D:9      | Found a staircase to the Lair.
  8227 | D:10     | Entered Level 10 of the Dungeon
  8250 | D:10     | Found Jazuep Cuont's Gadget Boutique.
  8469 | D:10     | Noticed a gargoyle
  8480 | D:10     | Killed a gargoyle
  8563 | D:10     | Noticed a cyclops
  8570 | D:10     | Killed a cyclops
  8571 | D:10     | Reached skill level 10 in Axes
  8718 | D:10     | Found Heifif's Armour Emporium.
  8810 | D:10     | Reached skill level 10 in Fighting
  8833 | D:10     | Received a gift from Trog
  8836 | D:10     | Got a twisted broad axe {god gift}
  8837 | D:10     | Identified the +7 broad axe of Defiance {vorpal, *Rage
                  | Str+10 Dex+3} (Trog gifted it to you on level 10 of the
                  | Dungeon)
  8919 | D:10     | Found Qeyhi's Assorted Antiques.
  8978 | D:10     | Bought a pair of embroidered gloves for 195 gold pieces
  9002 | D:10     | Found Vizxaum's Book Shop.
  9111 | D:11     | Reached XP level 11. HP: 99/99 MP: 10/10
  9159 | D:11     | Found a glowing golden altar of the Shining One.
  9201 | D:11     | Noticed Sonja
  9214 | D:11     | Killed Sonja
  9853 | D:11     | Found an ancient bone altar of Kikubaaqudgha.
 10024 | D:7      | Killed an ogre mage
 10426 | D:11     | Noticed a deep elf mage
 10434 | D:11     | Noticed a purple ugly thing
 10437 | D:11     | Killed a deep elf mage
 10437 | D:11     | Noticed a brown ugly thing
 10445 | D:11     | Noticed a death knight
 10448 | D:11     | Killed a purple ugly thing
 10456 | D:11     | Killed a brown ugly thing
 10462 | D:11     | Killed a death knight
 11133 | D:12     | Noticed a green ugly thing
 11143 | D:12     | Killed a green ugly thing
 11143 | D:12     | Reached XP level 12. HP: 104/113 MP: 11/11
 11226 | D:12     | Found a hide-covered altar of Uskayaw.
 11228 | D:12     | Noticed Frances
 11240 | D:12     | Killed Frances
 11394 | D:12     | Received a gift from Trog
 11908 | D:13     | Noticed a vault guard
 11908 | D:13     | Noticed a vault guard
 11908 | D:13     | Noticed a vault guard
 11926 | D:12     | Killed a vault guard
 12007 | D:13     | Killed a vault guard
 12012 | D:13     | Noticed a centaur warrior
 12022 | D:14     | Killed Nessos
 12036 | D:14     | Killed a vault guard
 12104 | D:13     | Killed a centaur warrior
 12229 | D:13     | Noticed a centaur warrior
 12239 | D:13     | Killed a centaur warrior
 12383 | D:13     | Noticed a death knight
 12393 | D:13     | Killed a death knight
 12594 | D:13     | Found a hazy altar of Hepliaklqana.
 12660 | D:13     | Found Piercheph's Antique Armour Shoppe.
 12660 | D:13     | Noticed a centaur warrior
 12667 | D:13     | Killed a centaur warrior
 12667 | D:13     | Reached skill level 15 in Fighting
 12667 | D:13     | Reached skill level 15 in Axes
 12667 | D:13     | Reached XP level 13. HP: 115/126 MP: 12/12
 12834 | D:13     | Found a gate to the Vaults.
 13111 | D:13     | Reached skill level 10 in Armour
 13323 | Lair:1   | Entered Level 1 of the Lair of Beasts
 13799 | Lair:2   | Received a gift from Trog
 13938 | Lair:2   | Got a masterwork ring mail
 13949 | Lair:2   | Identified the cursed +0 ring mail of Beyond {+Blink Int+2}
                  | (You found it on level 2 of the Lair of Beasts)
 13961 | Lair:2   | Upgraded the game from 0.26-a0-784-g51bffae0b1 to
                  | 0.26-a0-800-g517d6fe721
 14575 | Lair:3   | Found a dark tunnel.
 14584 | Volcano  | Entered a volcano
 14898 | Lair:3   | Reached skill level 10 in Dodging
 15114 | Lair:3   | Found a staircase to the Swamp.
 15565 | Lair:4   | Reached skill level 1 in Evocations
 15573 | Lair:4   | Noticed Snorg
 15582 | Lair:4   | Killed Snorg
 16011 | Lair:4   | Received a gift from Trog
 16011 | Lair:4   | Reached XP level 14. HP: 136/136 MP: 13/13
 16030 | Lair:4   | Reached skill level 5 in Evocations
 16106 | Lair:4   | Found a staircase to the Snake Pit.
 17103 | Lair:5   | Reached ****** piety under Trog
 17449 | Lair:5   | Identified the cursed +0 chain mail "Lauhokk" {rF+ Str-5
                  | Dex+3} (You found it on level 5 of the Lair of Beasts)
 17766 | Lair:6   | Entered Level 6 of the Lair of Beasts
 17793 | Lair:6   | Received a gift from Trog
 17863 | Lair:6   | Found a gate leading to a gauntlet.
 17876 | Gauntlet | Entered a Gauntlet
 17876 | Gauntlet | Found a transporter.
 17876 | Gauntlet | Found a transporter.
 17876 | Gauntlet | Found a transporter.
 18061 | Gauntlet | Found a transporter.
 18077 | Gauntlet | Found a transporter.
 18099 | Gauntlet | Found a transporter.
 18109 | Gauntlet | Found a transporter.
 18135 | Gauntlet | Found a transporter.
 18179 | Gauntlet | Found a transporter.
 18233 | Gauntlet | Found a transporter.
 18249 | Gauntlet | Found a transporter.
 18259 | Gauntlet | Found a transporter.
 18440 | Gauntlet | Reached XP level 15. HP: 88/147 MP: 12/14
 18445 | Gauntlet | Got a bound steel ring
 18447 | Gauntlet | Identified the ring of No Interval {+Fly Int+5} (You found
                  | it in a Gauntlet)
 18649 | Gauntlet | Identified the +4 ring mail of Cahann {rPois rN+}
 18689 | Gauntlet | Got a coiled turquoise ring
 18694 | Gauntlet | Identified the ring "Hoet" {rC+ rN+ MP-9 Int+3} (You found
                  | it in a Gauntlet)
 18703 | Gauntlet | Identified the Collected Works on Moulding
 18801 | Lair:6   | Found a staircase to the Slime Pits.
 19236 | Lair:6   | Received a gift from Trog
 19912 | Lair:6   | Cast into level 2 of the Abyss (a wizard)
 19948 | Abyss:2  | Noticed a bone dragon
 19959 | Abyss:2  | Killed a bone dragon
 20049 | Abyss:2  | Noticed a lich
 20059 | Abyss:2  | Paralysed by a lich for 3 turns
 20064 | Abyss:2  | Killed a lich
 20264 | Abyss:2  | Noticed a tentacled starspawn
 20277 | Abyss:2  | Killed a tentacled starspawn
 20279 | Lair:6   | Escaped the Abyss
 20285 | Lair:6   | Found a burning altar of Makhleb.
 20368 | Lair:6   | Found a gateway to Hell.
 20806 | Orc:1    | Entered Level 1 of the Orcish Mines
 21108 | Orc:2    | Entered Level 2 of the Orcish Mines
 21128 | Orc:2    | Found a staircase to the Elven Halls.
 21208 | Orc:2    | Received a gift from Trog
 21377 | Orc:2    | Found a runed translucent door.
 21583 | Orc:2    | Reached skill level 10 in Shields
 21587 | Orc:2    | Paralysed by an orc sorcerer for 6 turns
 21593 | Orc:2    | HP: 3/150 [orc warrior/+0 scimitar (10)]
 21593 | Orc:2    | Mangled by an orc warrior

Illustrated notes

Levels and vault maps discovered:
D:1:      eino_arrival_tree_alley, layout_basic, minmay_3d_cube
D:2:      layout_basic, lemuel_round_altar, gammafunk_temple_overflow_claw,
          chequers_avenue, hangedman_decor_points, solitary_fountain,
          minivault_27
D:3:      layout_loops_ring, gammafunk_ghost_nasty_kobolds,
          okawaru_ov_weapons_minmay, uniq_grinder
D:4:      layout_basic, led_sif_book, kiku_gazebo_garden_becter,
          minmay_temple_entry_slanted
D:5:      layout_basic, minmay_holes, minmay_misc_feat_tower, ashenzari_altar_1,
          uniq_ijyb, uniq_pikel
D:6:      layout_basic, serial_shops, shop, uniq_crazy_yiuf_cottage
D:7:      gammafunk_beogh_shrine, layout_cave_pools, minmay_small_thing,
          uniq_prince_ribbit1, uniq_duvessa
D:8:      layout_cave_pods, uniq_maggie
D:9:      layout_irregular_city, lair_entry_dummy, orc_0_dummy,
          minmay_statues_item, serial_park_tiny_2
D:10:     layout_rooms, serial_shops, shop, shop, nicolae_shop_waterfront,
          nicolae_shop_window_shopping
D:11:     minmay_blocky_corners, layout_basic, basic_altar,
          chequers_serial_rivers_micro_a, nicolae_tso_swordbearing_angel,
          uniq_sonja
D:12:     layout_rooms, basic_altar, serial_curves, eino_curves_04,
          eino_curves_01, eino_curves_01, eino_curves_03, uniq_frances
D:13:     layout_grid_maze, ximxim_vaults_locker_room, basic_altar,
          serial_shops, kennysheep_mini, uniq_nessos
D:14:     layout_roguey, serial_shops, shop, hangedman_decor_clover_reticule,
          lemuel_flame_loot_1
Lair:1:   layout_roguey
Lair:2:   layout_roguey, infiniplex_staircase_pool_2, grunt_megastairs_2
Lair:3:   layout_gridlike, swamp_mist_pool, nicolae_volcano_entry_hallway,
          serial_bayou_shore_b
Lair:4:   layout_hall_layers, minmay_snake_entry_guardpost_small,
          grunt_megastairs_5, minmay_lair_oklob_chamber, uniq_snorg
Lair:5:   mu_elephants_graveyard, layout_regular_city, infiniplex_staircase_pool
Lair:6:   evil_forest, layout_regular_city, minmay_slime_entry_jelly_boxes,
          gauntlet_entry_generic, minmay_another_anthill
Orc:1:    layout_caves, serial_shops
Orc:2:    st_orc_pillars, layout_caves, lightli_church_of_beogh

Skill      XL: |  1  2  3  4  5  6  7  8  9 10 11 12 13 14 15 |
---------------+----------------------------------------------+-----
Axes           | 4 5 6 7 8 10 12 15 17 18 | 18.3
Fighting       | 4 5 6 7 8 10 12 15 17 18 | 18.3
Armour         | 3 4 5 6 7 8 9 11 12 | 12.3
Dodging        | 3 4 5 6 7 8 9 10 11 | 11.5
Shields        | 2 4 6 7 8 10 | 10.0
Evocations     | 4 6 |  6.5

Action                   |  1- 3 |  4- 6 |  7- 9 | 10-12 | 13-15 || total
-------------------------+-------+-------+-------+-------+-------++-------
Melee: Hand axe          |    79 |    88 |   285 |       |       ||   452
       Headbutt          |    11 |    13 |    68 |   117 |   238 ||   447
       War axe           |       |       |       |   339 |       ||   339
       Broad axe         |       |       |       |   108 |   778 ||   886
Throw: Dart              |       |       |     3 |       |     1 ||     4
Invok: Berserk           |       |     1 |     4 |     4 |     5 ||    14
       Trog's Hand       |       |       |       |     1 |     3 ||     4
 Abil: Evoke Blink       |       |       |       |       |     3 ||     3
Evoke: Wand              |       |       |     1 |     2 |     1 ||     4
  Use: Scroll            |     5 |     4 |     6 |    12 |    18 ||    45
       Potion            |       |     5 |       |     1 |     3 ||     9
 Stab: Sleeping          |     1 |       |       |       |       ||     1
       Petrified         |       |       |       |       |     7 ||     7
       Petrifying        |       |       |       |       |     2 ||     2
       Distracted        |       |       |       |       |     1 ||     1
Armor: Animal skin       |    23 |       |       |       |       ||    23
       Chain mail        |     3 |    31 |    33 |       |       ||    67
       Skin              |       |     7 |       |       |       ||     7
       Ring mail         |       |       |    41 |   118 |   230 ||   389
Dodge: Dodged            |    51 |    38 |   156 |   331 |   504 ||  1080
Block: Buckler           |       |       |    93 |   188 |   250 ||   531

Table legend: (Time is in decaauts)
 A = Elapsed time spent in this place.
 B = Non-inter-level travel time spent in this place.
 C = Inter-level travel time spent in this place.
 D = Time resting spent in this place.
 E = Time spent auto-exploring this place.
 F = Levels seen in this place.
 G = Mean time per level.
                   A        B        C        D        E       F      G
               +--------+--------+--------+--------+--------+-----+--------+
         Total |  21614 |  20587 |   1027 |   3150 |  13209 |  25 |  864.6 |
       Dungeon |  13433 |  12666 |    767 |   2114 |   8314 |  14 |  959.5 |
          Lair |   6027 |   5799 |    228 |    497 |   4196 |   6 | 1004.5 |
  Orcish Mines |    769 |    738 |     31 |      0 |    557 |   2 |  384.5 |
         Abyss |    363 |    363 |      0 |    130 |    142 |   1 |  363.0 |
       Volcano |    180 |    180 |      0 |      0 |      0 |   1 |  180.0 |
      Gauntlet |    840 |    840 |      0 |    408 |      0 |   1 |  840.0 |
               +--------+--------+--------+--------+--------+-----+--------+

Top non-repeatable levels by time:
  Lair:6: 1677 daAuts
    D:11: 1529 daAuts
     D:3: 1432 daAuts
    D:13: 1279 daAuts
  Lair:4: 1189 daAuts
    D:12: 1074 daAuts
  Lair:5: 1043 daAuts
     D:1: 961 daAuts
     D:5: 948 daAuts
     D:8: 922 daAuts
     D:2: 913 daAuts
    D:10: 900 daAuts
     D:6: 883 daAuts
     D:4: 845 daAuts
     D:7: 844 daAuts
